 Dungeon Crawl Stone Soup version 0.21-a0-518-g43a1781 (webtiles) character file.

42 theanonym the Chopper (level 3, -4/29 HPs)
             Began as a Formicid Abyssal Knight on Dec 4, 2017.
             Was a Believer of Lugonu.
             Killed from afar by Natasha (9 damage)
             ... with a magic dart
             ... on level 2 of the Dungeon.
             The game lasted 00:02:30 (1295 turns).

theanonym the Chopper (Formicid Abyssal Knight)     Turns: 1295, Time: 00:02:30

Health: -4/29      AC:  8    Str: 17    XL:     3   Next: 77%
Magic:  5/5        EV: 12    Int: 11    God:    Lugonu [**....]
Gold:   71         SH:  0    Dex: 15    Spells: 2/2 levels left

rFire    . . .     SeeInvis +   a - +2 hand axe
rCold    . . .     Gourm    .   (no shield)
rNeg     . . .     Faith    .   i - +0 chain mail
rPois    .         Spirit   .   (helmet unavailable)
rElec    .         Reflect  .   (no cloak)
rCorr    .         Harm     .   (no gloves)
MR       .....                  (no boots)
Stlth    ..........             (no amulet)
HPRegen  0.09/turn              (no ring)
MPRegen  0.09/turn              (no ring)

@: agile
A: permanent stasis, dig shafts and tunnels, four strong arms, antennae 3
a: Dig, Shaft Self, Depart the Abyss, Bend Space, Renounce Religion


Innate Abilities, Weirdness & Mutations

You cannot be hasted, slowed, berserked, paralysed or teleported.
You can dig through walls and to a lower floor.
Your four strong arms can wield two-handed weapons with a shield.
You have a pair of large antennae on your head. (SInv)


   Skills:
 - Level 3.2 Fighting
 * Level 3.3 Axes
 - Level 2.1 Armour
 - Level 0.8 Dodging
 + Level 3.1 Invocations


You had 2 spell levels left.
You didn't know any spells.

Skill      XL: |  1  2  3 |
---------------+----------+-----
Axes           | 3 |  3.3
Invocations    | 3 |  3.1
Fighting       | |  3.2
Armour         | |  2.1
Dodging        | |  0.8

Action                   || total
-------------------------++-------
Melee: Hand axe          ||    77
Invok: Bend Space        ||     1
  Use: Scroll            ||     2
       Potion            ||     1
  Eat: Chunk             ||     1
Armor: Chain mail        ||    45
Dodge: Dodged            ||    37

Inventory:

Hand Weapons
 a - a +2 hand axe (weapon)
Armour
 b - a +0 leather armour
 i - a +0 chain mail (worn)
   (You found it on level 1 of the Dungeon)
Scrolls
 d - a scroll of blinking {unknown}
 f - a scroll of remove curse
 g - a scroll of enchant weapon
 h - a scroll of teleportation {unknown}
 j - 2 scrolls of identify {unknown}
Comestibles
 e - a meat ration
 k - 3 bread rations

Dungeon Overview and Level Annotations

Branches:
Dungeon (2/15)

Altars:

Annotations:
D:2 Natasha, Sigmund


You were on level 2 of the Dungeon.
You worshipped Lugonu.
Lugonu was pleased with you.
You were not hungry.

You visited 1 branch of the dungeon, and saw 2 of its levels.
You visited the Abyss 1 time.

You collected 71 gold pieces.


Message History

You take 1 damage, and have 28/29 hp.
You slash the hobgoblin!
You kill the hobgoblin!
Lugonu accepts your kill. The dart slug launches a dart at you.
The slug dart hits you!
You see here a dagger.
You take 1 damage, and have 27/29 hp.
You hit the dart slug. The dart slug barely misses you.
You hit the dart slug. The dart slug bites you.
You take 2 damage, and have 25/29 hp.
You slash the dart slug!
You kill the dart slug!
Lugonu accepts your kill.
No target in view!
No target in view!
j - 2 scrolls labeled FEWAFE OFROTI (gained 1)
There is a stone staircase leading down here.
Found 13 stones.
l - a metallic grey potion Sigmund the Dreaded comes into view.
He is wielding a scythe.
Sigmund shouts!
Sigmund is nearby!
Sigmund is nearby!
Sigmund is nearby!
Sigmund points at you and mumbles some strange words.
The puff of flame hits you!
You hear a shout!
You take 5 damage, and have 23/29 hp.
It was a potion of agility.
You feel agile all of a sudden.
A hobgoblin comes into view. It is wielding a club.
Sigmund closely misses you.
Some of the chunks of flesh in your inventory have rotted away.
You hit Sigmund. Sigmund closely misses you.
You hit Sigmund. You hit the hobgoblin. Sigmund hits you but does no damage.
The hobgoblin hits you but does no damage.
You barely miss Sigmund. You hit the hobgoblin.
The hobgoblin barely misses you.
You closely miss the hobgoblin. You hit Sigmund but do no damage.
Sigmund hits you with a scythe. The hobgoblin closely misses you.
You take 3 damage, and have 21/29 hp.
You hit Sigmund. You closely miss the hobgoblin.
Sigmund casts a spell.
Sigmund flickers and vanishes for a moment.
The hobgoblin hits you but does no damage.
You barely miss Sigmund. You hit the hobgoblin.
You kill the hobgoblin!
Lugonu accepts your kill. Sigmund misses you.
You hit Sigmund. Sigmund hits you with a scythe!
* * * LOW HITPOINT WARNING * * *
You take 10 damage, and have 11/29 hp.
MASSIVE DAMAGE!!
Space bends around you!
You blink.
You take 2 damage, and have 9/29 hp.
You now have 4/5 mp.
You aren't carrying any items that you can evoke.
As you read the scroll labeled HIFYAK LOSH, it crumbles to dust.
You feel blessed for a moment.
It was a scroll of remove curse.
Sigmund casts a spell at you.
You are confused.
You aren't carrying any potions.
All of the chunks of flesh in your inventory have rotted away.
You're too confused to move!
Sigmund gestures at you while chanting. You resist with some effort.
You bump into the rock wall.
Sigmund closely misses you.
You feel less confused.
Sigmund hits you from afar with a scythe.
* * * LOW HITPOINT WARNING * * *
You take 6 damage, and have 4/29 hp.
MASSIVE DAMAGE!!
MP restored: 5 Sigmund points at you and mumbles some strange words.
You resist with some effort.
There is a stone staircase leading up here.
You climb upwards.
There is a stone staircase leading down here.
You fall through a shaft!
The shaft crumbles and collapses.
Level annotation: Sigmund A quokka and Natasha come into view.
Natasha hisses angrily.
The quokka bites you but does no damage.
The quokka misses you.
Found a ring mail and 10 arrows.
Found a stone staircase leading down.
You aren't carrying any potions.
As you read the scroll labeled ZAONLI VUIKH, it crumbles to dust.
It is a scroll of enchant weapon.
Your +1 hand axe glows red for a moment.
The quokka bites you but does no damage.
You hit Natasha. You barely miss the quokka.
Natasha mumbles some strange words.
You feel troubled.
Natasha stares at you and mumbles some strange words.
Your stasis prevents you from being slowed.
The quokka closely misses you. Natasha claws you but does no damage.
You slash Natasha! You closely miss the quokka.
The quokka bites you but does no damage. x2
Natasha stares at you and mumbles some strange words.
The magic dart hits you!
You die...

###########
#.........#
#>........#
#.........#
#[....r...#
#....@h...#
#.........#
#.........#
#......(....#
............#
...##.#######
### .. ..#


You could see Natasha and a quokka.

Notes
Turn   | Place    | Note
-------+----------+-------------------------------------------
     0 | Abyss:1  | theanonym the Formicid Abyssal Knight began the quest for the Orb.
     0 | Abyss:1  | Reached XP level 1. HP: 18/18 MP: 2/2
     9 | D:1      | Escaped the Abyss
   183 | D:1      | Reached XP level 2. HP: 16/24 MP: 3/3
   550 | D:1      | Reached XP level 3. HP: 29/29 MP: 5/5
   647 | D:1      | Reached skill level 3 in Axes
   841 | D:1      | Reached ** piety under Lugonu
  1046 | D:2      | Reached skill level 3 in Invocations
  1262 | D:2      | Noticed Sigmund
  1273 | D:2      | HP: 11/29 [Sigmund/scythe (10)]
  1284 | D:2      | HP: 4/29 [Sigmund/scythe (6)]
  1292 | D:1      | You fall through a shaft!
  1292 | D:2      | Noticed Natasha
  1295 | D:2      | Killed from afar by Natasha

Vanquished Creatures
  5 dart slugs
  A leopard gecko (D:1)
  2 bats (D:1)
  5 hobgoblins
  3 jackals
  2 ball pythons (D:1)
  2 frilled lizards (D:1)
  6 goblins
  3 rats (D:1)
29 creatures vanquished.
